 Dungeon Crawl Stone Soup version 0.29.1-15-g9cfb28693d (webtiles) character file.

Game seed: 16561888251784073865

16 Mysteryquy the Trooper (level 2, -1/36 HPs)
             Began as a Demonspawn Berserker on Apr 26, 2023.
             Was a Follower of Trog.
             Slain by a quokka (3 damage)
             ... on level 2 of the Dungeon.
             The game lasted 00:00:31 (392 turns).

Mysteryquy the Trooper (Demonspawn Berserker)        Turns: 392, Time: 00:00:31

Health: -1/36      AC:  2    Str: 17    XL:     2   Next: 37%
Magic:  2/2        EV: 12    Int:  8    God:    Trog [*.....]
Gold:   20         SH:  0    Dex: 12    Spells: 1/1 levels left

rFire   . . .      SeeInvis .   a - +0 mace
rCold   . . .      Faith    .   (no shield)
rNeg    . . .      Spirit   .   b - +0 animal skin
rPois   .          Reflect  .   (no helmet)
rElec   .          Harm     .   (no cloak)
rCorr   .          Rampage  .   (no gloves)
Will    .....                   (no boots)
Stlth   ..........              (no amulet)
HPRegen 0.12/turn               (no ring)
MPRegen 0.08/turn               (no ring)

@: berserking, lethally poisoned (-1 -> -4), very quick
A: foul stench 1
a: Renounce Religion, Berserk


You were on level 2 of the Dungeon.
You worshipped Trog.
Trog was aware of your devotion.
You visited 1 branch of the dungeon, and saw 2 of its levels.

You collected 20 gold pieces.

Inventory:

Hand Weapons
 a - a +0 mace (weapon)
Armour
 b - a +0 animal skin (worn)
Scrolls
 c - a scroll of amnesia {unknown}


   Skills:
 + Level 3.3 Fighting
 + Level 3.0 Maces & Flails
 + Level 1.9 Armour
 + Level 1.9 Dodging


You had one spell level left.
You didn't know any spells.
Your spell library was empty.

Dungeon Overview and Level Annotations

Branches:
Dungeon (1/15)

Altars:

Annotations:
D:1 1 runed translucent door


Innate Abilities, Weirdness & Mutations

You may rarely emit foul miasma when damaged in melee.


Message History

Found a stone staircase leading down.
A sourceless malevolence fills the Dungeon...
You fall into a shaft and drop 1 floor!
The shaft crumbles and collapses.
A quokka and an adder come into view.
The adder hisses angrily.
The adder bites you.
You are poisoned.
The adder poisons you!
There are monsters nearby!
You closely miss the adder.
You feel sick. The adder bites you.
You feel sick. The adder barely misses you.
You completely miss the adder.
You feel sick. The adder barely misses you.
You barely miss the adder.
You feel sick.
You are no longer poisoned.
The adder closely misses you. The adder bites you.
You sock the adder!
The adder is severely wounded.
The adder bites you.
* * * LOW HITPOINT WARNING * * *
You are lethally poisoned!
The adder poisons you!
You hit the adder.
You kill the adder!
Trog accepts your kill.
* * * LOW HITPOINT WARNING * * *
You feel sick.
Your Maces & Flails skill increases to level 3!
You have reached level 2!
Your demonic ancestry asserts itself...
You begin to emit a foul stench of rot and decay.
A red film seems to cover your vision as you go berserk!
You feel yourself moving faster!
You feel mighty!
* * * LOW HITPOINT WARNING * * *
You feel sick. The quokka misses you.
You hit the quokka.
The quokka is heavily wounded.
* * * LOW HITPOINT WARNING * * *
You feel sick. The quokka bites you.
You die...

## .. .#
.# .#
######.#
#...@r.#
#.####.#
#.# .#
#.# .#
#.# .#
#.# ..
#.# .#
#.# .#
#.#


You could see a quokka.

Vanquished Creatures
  An adder (D:2)
  A giant cockroach (D:1)
  A goblin (D:1)
  A hobgoblin (D:1)
  2 ball pythons (D:1)
  A bat (D:1)
7 creatures vanquished.

Notes
Turn   | Place    | Note
-------+----------+-------------------------------------------
     0 | D:1      | Mysteryquy the Demonspawn Berserker began the quest for the
                  | Orb.
     0 | D:1      | Reached XP level 1. HP: 18/18 MP: 1/1
     1 | D:1      | Found a runed translucent door.
   375 | D:1      | You fall into a shaft and drop 1 floor!
   391 | D:2      | Gained mutation: You may rarely emit foul miasma when
                  | damaged in melee. [demonic ancestry]
   391 | D:2      | Reached XP level 2. HP: 2/24 MP: 2/2
   392 | D:2      | Slain by a quokka

Illustrated notes

Levels and vault maps discovered:
D:1:      dpeg_arrival_caged_fury, layout_loops_ring,
          hellmonk_ecumenical_altar_defaced_shrine, skrybe_limestone_x
D:2:      layout_loops_ring, st_stairs_13

Skill      XL: |  1 |
---------------+----+-----
Maces & Flails | 3 |  3.0
Fighting       | |  3.3
Armour         | |  1.9
Dodging        | |  1.9

Action                   || total
-------------------------++-------
Melee: Mace              ||    35
Invok: Berserk           ||     1
Armor: Animal skin       ||     9
Dodge: Dodged            ||    32
